 Dungeon Crawl Stone Soup version 0.27-a0-597-g524d869a0f (webtiles) character file.

Game seed: 1692853426918385539

16 Lanoc the Bolt Thrower (level 2, -1/26 HPs)
             Began as a Deep Dwarf Hunter on Mar 11, 2021.
             Killed from afar by a dart slug (5 damage)
             ... with a slug dart
             ... on level 1 of the Dungeon.
             The game lasted 00:00:34 (203 turns).

Lanoc the Bolt Thrower (Deep Dwarf Hunter)           Turns: 203, Time: 00:00:34

Health: -1/26      AC:  3    Str: 15    XL:     2   Next: 37%
Magic:  2/2        EV: 11    Int: 11    God:
Gold:   31         SH:  3    Dex: 13    Spells: 1/1 levels left

rFire    . . .     SeeInvis .   b - +0 short sword
rCold    . . .     Faith    .   i - +0 buckler
rNeg     . . .     Spirit   .   c - +0 leather armour
rPois    .         Reflect  .   (no helmet)
rElec    .         Harm     .   (no cloak)
rCorr    .         Rampage  .   (no gloves)
Will     .....                  (no boots)
Stlth    +.........             (no amulet)
HPRegen  0.00/turn              (no ring)
MPRegen  0.08/turn              (no ring)

@: non-regenerating
A: damage resistance, heal wounds, sense surroundings 1, no regeneration
a: Heal Wounds


You were on level 1 of the Dungeon.
You visited 1 branch of the dungeon, and saw 1 of its levels.

You collected 31 gold pieces.

Inventory:

Hand Weapons
 a - a +1 hand crossbow
 b - a +0 short sword (weapon)
Missiles
 d - 37 bolts
Armour
 c - a +0 leather armour (worn)
 i - a +0 buckler (worn)
Scrolls
 g - a scroll of identify {unknown}
 h - a scroll of immolation {unknown}
Potions
 e - a potion of lignification {unknown}
 f - a potion of attraction {unknown}


   Skills:
 + Level 2.0 Fighting
 * Level 4.7 Crossbows
 + Level 2.5 Dodging
 - Level 1.2 Stealth


You had one spell level left.
You didn't know any spells.
Your spell library was empty.

Dungeon Overview and Level Annotations

Branches:
Dungeon (1/15)

Altars:


Innate Abilities, Weirdness & Mutations

You are resistant to damage.
You can heal yourself by infusing magical energy.
You passively map a small area around you.
You do not regenerate.


Message History

The slug dart hits you.
You closely miss the leopard gecko.
The leopard gecko is severely wounded.
The leopard gecko bites you.
You hit the leopard gecko but do no damage.
The leopard gecko is severely wounded.
The leopard gecko closely misses you. The dart slug bites you.
The leopard gecko bites you but does no damage.
You hit the leopard gecko.
You kill the leopard gecko!
The dart slug bites you.
You hit the dart slug but do no damage. The dart slug launches a dart at you.
The slug dart hits you.
* * * LOW HITPOINT WARNING * * *
You hit the dart slug but do no damage. The dart slug bites you.
You hit the dart slug.
The dart slug is lightly wounded.
The dart slug closely misses you.
You hit the dart slug but do no damage.
The dart slug is lightly wounded.
The dart slug bites you.
You hit the dart slug.
The dart slug is severely wounded.
You barely miss the dart slug.
The dart slug is severely wounded.
The dart slug launches a dart at you. You block the slug dart.
You hit the dart slug but do no damage.
The dart slug is severely wounded.
The dart slug bites you.
* * * LOW HITPOINT WARNING * * *
You hit the dart slug.
The dart slug is almost dead.
The dart slug closely misses you.
You hit the dart slug but do no damage.
The dart slug is almost dead.
The dart slug launches a dart at you. The slug dart hits you.
You die...

, * #......# ,
, * #.>....# *
#......# ,
......* *
#....# , ,,,
#....#* ,
#.w..# ,
#$@..#####. ,
#.......... ,
,.
###.........
** ##
####.........#
* *
#.............
,
#.............
,
#.............
,,
#.............
,,
####..........
, ,


You could see a dart slug.

Vanquished Creatures
  An ooze (D:1)
  A leopard gecko (D:1)
  2 goblins (D:1)
  A hobgoblin (D:1)
  2 jackals (D:1)
  A kobold (D:1)
  A ball python (D:1)
9 creatures vanquished.

Notes
Turn   | Place    | Note
-------+----------+-------------------------------------------
     0 | D:1      | Lanoc the Deep Dwarf Hunter began the quest for the Orb.
     0 | D:1      | Reached XP level 1. HP: 19/19 MP: 1/1
   180 | D:1      | Reached XP level 2. HP: 12/26 MP: 2/2
   203 | D:1      | Killed from afar by a dart slug

Illustrated notes

Levels and vault maps discovered:
D:1:      matt_arrival_debris, layout_basic, st_stairs_7

Skill      XL: |  1 |
---------------+----+-----
Fighting       | 2 |  2.0
Crossbows      | |  4.7
Dodging        | |  2.5
Stealth        | |  1.2

Action                   || total
-------------------------++-------
Melee: Short sword       ||    58
Armor: Leather armour    ||    13
Dodge: Dodged            ||    36
Block: Buckler           ||     4

Table legend: (Time is in decaauts)
 A = Elapsed time spent in this place.
 B = Non-inter-level travel time spent in this place.
 C = Inter-level travel time spent in this place.
 D = Time resting spent in this place.
 E = Time spent auto-exploring this place.
 F = Levels seen in this place.
 G = Mean time per level.
                   A        B        C        D        E       F      G
               +--------+--------+--------+--------+--------+-----+--------+
         Total |    210 |    210 |      0 |      0 |    113 |   1 |  210.0 |
       Dungeon |    210 |    210 |      0 |      0 |    113 |   1 |  210.0 |
               +--------+--------+--------+--------+--------+-----+--------+

Top non-repeatable levels by time:
     D:1: 210 daAuts
